Map: Deathaura LE

Players

Reynor

  • Race: Zerg Zerg
  • League: Master
  • Spawn Location: 5:00

LiquidMaNa (MaNa) - Winner!

  • Race: Protoss Protoss
  • League: Grandmaster
  • Spawn Location: 11:00

Event: DreamHack SC2 Masters 2020 Fall

VOD

Have the link to the VOD?

Description

Time

  • Played on: Sept. 8, 2020, 12:35 p.m.
  • Length: 21:20

All games in this series

Show
View Real Time Build Order
Export as new Build Order

Reynor Zerg 

Build Orders: Hatch First, Lurkers 

Get SALT Encoding   

  12  0:00  Drone  
  13  0:12  Overlord  
  13  0:16  Drone  
  14  0:30  Drone x2  
  16  0:49  Hatchery  
  15  0:51  Drone  
  15  0:55  Drone  
  17  0:58  Drone  
  18  1:10  Extractor  
  17  1:13  Spawning Pool  
  17  1:16  Drone  
  17  1:20  Drone  
  18  1:28  Drone  
  19  1:38  Drone  
  20  1:48  Overlord  
  20  2:00  Queen  
  20  2:01  Zergling x2  
  23  2:02  Queen, Zergling x2  
  26  2:10  Drone  
  26  2:11  Drone  
  26  2:13  Metabolic Boost  
  28  2:21  Drone  
  28  2:22  Drone  
  30  2:33  Drone  
  31  2:42  Drone x2, Hatchery  
  32  2:53  Overlord  
  32  2:54  Queen  
  32  2:56  Drone  
  32  2:58  Drone  
  36  3:11  Drone  
  36  3:12  Drone  
  38  3:13  Drone x3  
  38  3:15  Overlord  
  41  3:20  Zergling x2  
  41  3:24  Spore Crawler  
  40  3:27  Drone  
  40  3:30  Drone  
  40  3:33  Queen  
  45  3:38  Drone x2  
  45  3:41  Drone  
  48  3:45  Overlord  
  48  3:48  Drone  
  48  3:49  Drone  
  48  3:52  Drone  
  48  3:53  Evolution Chamber  
  50  4:00  Drone, Spore Crawler  
  50  4:03  Queen x2  
  50  4:04  Drone x2  
  50  4:05  Drone x2  
  58  4:11  Overlord  
  58  4:15  Spore Crawler  
  57  4:17  Drone, Spore Crawler  
  57  4:18  Drone  
  57  4:21  Overlord  
  58  4:25  Zerg Missile Weapons Level 1  
  57  4:31  Drone  
  57  4:32  Drone x3  
  57  4:34  Queen  
  57  4:36  Drone x2  
  65  4:39  Zergling x4  
  67  4:48  Drone x6  
  67  4:51  Overlord  
  73  4:57  Overlord  
  73  4:59  Lair  
  73  5:01  Extractor  
  73  5:02  Extractor  
  73  5:03  Roach Warren  
  73  5:04  Drone x3  
  73  5:09  Overlord  
  73  5:13  Spore Crawler  
  73  5:15  Drone x4  
  73  5:18  Zergling x4  
  79  5:22  Drone x3  
  79  5:23  Drone  
  83  5:28  Drone  
  83  5:31  Extractor x2, Zergling x2  
  82  5:40  Evolution Chamber x2  
  82  5:41  Evolution Chamber  
  79  5:43  Roach x3  
  79  5:47  Spore Crawler  
  79  5:48  Evolution Chamber  
  79  5:49  Evolution Chamber  
  82  5:50  Roach x4  
  82  5:51  Roach, Zergling x6  
  95  5:57  Roach  
  95  5:58  Overlord  
  96  6:13  Overseer  
  96  6:15  Roach, Zergling x2  
  96  6:16  Overlord  
  97  6:21  Roach x2, Zergling x6  
  97  6:25  Drone x3, Zerg Missile Weapons Level 2  
  100  6:26  Drone  
  100  6:28  Roach  
  101  6:33  Hatchery  
  101  6:35  Drone x2  
  101  6:37  Drone  
  96  6:44  Drone  
  96  6:46  Drone  
  95  6:47  Spore Crawler  
  95  6:52  Drone x2  
  95  6:53  Drone x3  
  95  6:54  Drone  
  97  6:55  Drone  
  97  6:57  Drone  
  97  7:00  Drone x2  
  101  7:02  Drone  
  101  7:04  Drone  
  101  7:06  Drone x2  
  105  7:09  Drone  
  105  7:13  Drone  
  105  7:14  Queen  
  109  7:19  Drone, Overlord  
  109  7:20  Extractor  
  109  7:24  Evolution Chamber  
  109  7:25  Drone, Hydralisk Den  
  109  7:27  Drone  
  109  7:30  Drone  
  109  7:33  Drone  
  109  7:34  Drone x2  
  109  7:35  Drone, Zerg Ground Armor Level 1  
  115  7:39  Overlord  
  115  7:40  Drone  
  116  7:47  Drone x2  
  116  7:49  Drone  
  116  7:50  Infestation Pit  
  118  7:52  Drone x3  
  118  7:56  Glial Reconstitution, Roach x2  
  124  7:59  Overlord  
  124  8:02  Hydralisk  
  124  8:05  Overlord  
  126  8:09  Hydralisk  
  126  8:11  Overlord  
  127  8:13  Ravager  
  127  8:18  Overlord, Spore Crawler  
  126  8:20  Hydralisk, Ravager x4  
  126  8:21  Zergling x8  
  136  8:27  Hydralisk  
  136  8:28  Hydralisk, Zergling x6  
  136  8:29  Zergling x2  
  136  8:31  Extractor x2, Ravager, Overlord  
  136  8:32  Zergling x6  
  144  8:37  Queen  
  144  8:38  Roach  
  139  8:41  Hydralisk  
  139  8:42  Zergling x2  
  139  8:45  Hydralisk  
  139  8:46  Hydralisk  
  138  8:50  Hydralisk x2  
  138  8:54  Roach  
  140  8:56  Hydralisk  
  140  8:57  Zergling x6  
  140  8:58  Hydralisk, Zergling x4  
  140  9:00  Hydralisk  
  140  9:01  Zergling x2  
  140  9:07  Hatchery  
  140  9:09  Zergling x6  
  142  9:10  Lurker Den  
  142  9:14  Spore Crawler  
  142  9:15  Spore Crawler  
  141  9:19  Extractor  
  141  9:22  Hive  
  140  9:26  Drone  
  141  9:31  Hydralisk x2  
  141  9:33  Overlord  
  141  9:35  Muscular Augments  
  141  9:37  Drone x4  
  149  9:53  Hydralisk x3  
  149  9:54  Zergling x6  
  158  10:01  Drone x2  
  158  10:04  Spore Crawler  
  158  10:05  Spore Crawler  
  158  10:07  Spore Crawler  
  158  10:08  Lurker x2  
  158  10:09  Lurker x2  
  158  10:10  Zergling x14  
  158  10:11  Hatchery  
  167  10:15  Overlord  
  167  10:16  Spore Crawler  
  167  10:19  Lurker  
  165  10:33  Drone x7  
  171  10:37  Pneumatized Carapace  
  171  10:38  Seismic Spines  
  171  10:39  Hydralisk x2  
  171  10:40  Zergling x14  
  180  10:44  Overlord  
  179  10:53  Overlord  
  168  10:58  Hydralisk x4  
  168  10:59  Zergling x2  
  168  11:00  Hydralisk  
  168  11:02  Hydralisk  
  168  11:03  Zergling x2  
  151  11:04  Hydralisk  
  151  11:05  Zergling x2  
  151  11:10  Hydralisk  
  151  11:11  Zergling x4  
  146  11:13  Hydralisk  
  146  11:14  Queen  
  141  11:18  Hydralisk x3  
  136  11:25  Hydralisk x2  
  136  11:26  Hydralisk x3  
  136  11:27  Zergling x2  
  147  11:33  Lurker x3  
  147  11:36  Roach x2, Zergling x4  
  147  11:39  Drone x3  
  159  11:43  Lurker  
  159  11:45  Extractor x2  
  159  11:46  Drone x2  
  160  11:57  Lurker x2  
  160  11:58  Lurker  
  160  12:00  Drone x5  
  168  12:01  Spore Crawler  
  168  12:02  Spine Crawler x2  
  168  12:04  Spine Crawler  
  168  12:05  Adaptive Talons  
  168  12:06  Hydralisk x2  
  168  12:08  Drone x2  
  168  12:15  Roach x6, Zergling x2  
  180  12:19  Lurker  
  180  12:20  Overlord  
  181  12:22  Overseer  
  176  12:32  Hydralisk x4  
  176  12:33  Zergling x2  
  184  12:37  Queen  
  184  12:38  Drone x4  
  184  12:41  Hydralisk  
  184  12:42  Hydralisk x3  
  167  12:51  Roach  
  167  12:52  Roach x4  
  170  13:11  Drone x5  
  173  13:16  Lurker x7  
  173  13:17  Overseer  
  180  13:29  Lurker x2  
  180  13:32  Drone x4  
  180  13:33  Drone  
  187  13:34  Hatchery  
  187  13:36  Spine Crawler x3, Spire  
  187  13:37  Spine Crawler  
  187  13:38  Zergling x18  
  187  13:41  Overseer x3  
  190  13:45  Overlord  
  190  13:53  Overlord  
  162  14:10  Hydralisk x14  
  174  14:18  Hydralisk x3  
  176  14:28  Viper  
  179  14:32  Overlord  
  179  14:36  Drone  
  180  14:38  Hydralisk  
  180  14:44  Hydralisk x4  
  180  14:51  Hydralisk  
  180  14:52  Zergling x14  
  170  14:59  Viper x2  
  172  15:00  Hydralisk x2  
  172  15:06  Hatchery  
  170  15:07  Roach x3  
  170  15:10  Overlord  
  176  15:20  Overlord, Hatchery  
  174  15:22  Overseer  
  174  15:32  Lurker x2  
  174  15:33  Lurker x2  
  178  15:37  Overlord  
  178  15:39  Hatchery  
  178  15:40  Lurker x6  
  178  15:41  Zergling x6  
  186  15:50  Overlord x2  
  186  16:01  Hydralisk  
  186  16:02  Zergling x12  
  181  16:19  Hydralisk x3  
  181  16:20  Hydralisk x4, Zergling x2  
  181  16:21  Zergling x2  
  181  16:23  Zergling x2  
  181  16:24  Hydralisk  
  141  16:33  Hydralisk x2, Zergling x2  
  141  16:38  Hydralisk  
  135  16:45  Hydralisk x3  
  135  16:46  Hydralisk  
  138  16:53  Drone  
  136  16:58  Hydralisk x3  
  136  17:00  Lurker x2  
  136  17:01  Lurker  
  138  17:02  Lurker  
  139  17:10  Roach x3  
  145  17:21  Drone  
  145  17:22  Drone x4  
  150  17:24  Lurker x6  
  150  17:26  Roach x2  
  160  17:32  Lurker  
  160  17:33  Spore Crawler  
  160  17:35  Roach x2  
  160  17:36  Roach, Zergling x2  
  164  17:49  Hydralisk x6  
  155  17:56  Hydralisk  
  155  17:57  Zergling x6  
  146  18:02  Drone x2  
  146  18:06  Hydralisk  
  147  18:15  Viper  
  147  18:16  Hydralisk x2  
  147  18:17  Zergling x2  
  154  18:24  Roach x4  
  154  18:25  Roach  
  154  18:26  Drone  
  153  18:41  Hatchery  
  148  18:50  Viper x2  
  148  18:55  Lurker  
  155  18:56  Hydralisk x2  
  155  18:57  Zergling x12  
  161  19:09  Lurker  
  163  19:10  Lurker  
  163  19:18  Lurker x2  
  159  19:36  Hydralisk x6  
  159  19:37  Hydralisk x2  
  172  19:44  Lurker x2  
  169  19:49  Hydralisk  
  169  19:50  Hydralisk  
  166  20:04  Hydralisk  
  166  20:05  Lurker  
  138  20:27  Lurker x5  
  131  20:28  Lurker  
  129  20:52  Hydralisk x2  
  129  20:54  Hydralisk x3  
  136  20:58  Overseer  
  136  21:01  Lurker x2  
  136  21:02  Lurker  
Show
View Real Time Build Order
Export as new Build Order

LiquidMaNa Protoss - Winner!

Build Orders: 1 Gate Expand, Oracle Opening, Archon Immortal 

Get SALT Encoding   

  12  0:00  Probe  
  13  0:12  Probe  
  14  0:17  Pylon  
  14  0:24  Probe (Chrono Boost)  
  15  0:36  Probe (Chrono Boost)  
  15  0:41  Gateway  
  16  0:45  Probe (Chrono Boost)  
  17  0:50  Probe  
  17  0:54  Assimilator  
  18  1:03  Probe (Chrono Boost)  
  19  1:15  Probe (Chrono Boost)  
  20  1:25  Nexus  
  20  1:35  Cybernetics Core  
  20  1:38  Probe  
  21  1:45  Assimilator  
  21  1:50  Probe  
  21  1:53  Pylon  
  22  2:02  Probe  
  23  2:08  Adept (Chrono Boost)  
  23  2:11  Warp Gate  
  23  2:14  Probe  
  26  2:26  Probe  
  26  2:29  Stargate  
  27  2:32  Adept (Chrono Boost)  
  29  2:38  Probe x2  
  31  2:50  Probe  
  31  2:51  Probe  
  32  3:02  Probe  
  32  3:03  Void Ray (Chrono Boost), Probe  
  34  3:09  Pylon  
  38  3:14  Probe  
  38  3:15  Probe  
  40  3:21  Gateway  
  40  3:27  Probe x2  
  42  3:34  Twilight Council  
  42  3:39  Probe x2  
  44  3:46  Oracle  
  47  3:51  Probe x2  
  47  3:53  Pylon  
  49  3:56  Assimilator  
  49  3:59  Gateway  
  49  4:01  Gateway  
  49  4:03  Probe  
  49  4:04  Probe  
  49  4:05  Resonating Glaives (Chrono Boost)  
  49  4:08  Adept  
  53  4:18  Adept  
  53  4:20  Probe x2  
  57  4:24  Pylon  
  57  4:32  Pylon  
  57  4:39  Nexus  
  57  4:41  Probe  
  58  4:47  Adept x2  
  62  4:54  Adept  
  62  4:56  Adept  
  62  4:58  Probe  
  62  4:59  Probe  
  68  5:02  Shield Battery  
  68  5:05  Robotics Facility  
  68  5:11  Adept x2  
  68  5:13  Probe  
  73  5:18  Adept x2  
  77  5:27  Robotics Facility  
  77  5:28  Assimilator  
  77  5:33  Probe  
  78  5:37  Forge  
  78  5:42  Pylon  
  78  5:50  Probe x2  
  78  5:53  Sentry x2  
  78  5:54  Immortal  
  78  5:55  Adept, Probe  
  91  6:02  Probe  
  90  6:15  Probe  
  90  6:16  Immortal  
  90  6:17  Probe  
  96  6:20  Probe  
  96  6:24  Assimilator  
  93  6:26  Assimilator  
  93  6:27  Probe  
  93  6:29  Probe  
  95  6:37  Immortal  
  95  6:39  Probe x2  
  95  6:42  Probe  
  94  6:51  Probe x2  
  92  6:54  Sentry  
  92  6:55  Zealot x2, Sentry  
  92  6:56  Immortal (Chrono Boost)  
  92  6:57  Protoss Ground Weapons Level 1 (Chrono Boost), Probe  
  99  7:03  Probe, Pylon  
  99  7:04  Charge  
  99  7:05  Gateway  
  100  7:08  Gateway  
  100  7:09  Gateway  
  100  7:12  Gateway  
  100  7:21  Warp Prism (Chrono Boost), Probe x3  
  103  7:26  Zealot x2  
  109  7:30  Templar Archives  
  109  7:45  Nexus  
  109  7:46  Pylon  
  109  7:53  Pylon  
  109  7:55  Pylon x2  
  109  8:04  Probe x2  
  111  8:06  Zealot x2  
  111  8:08  Zealot  
  117  8:14  High Templar x2  
  117  8:15  High Templar x2  
  117  8:16  Zealot  
  117  8:18  Archon  
  117  8:19  Archon  
  123  8:21  Probe  
  123  8:22  Probe  
  125  8:30  Immortal  
  125  8:31  Zealot x3, Immortal  
  137  8:47  Stalker x2  
  137  8:48  Stalker x2  
  141  8:49  Pylon  
  141  8:52  Pylon  
  135  8:57  Protoss Ground Weapons Level 2 (Chrono Boost)  
  135  9:08  Immortal (Chrono Boost)  
  139  9:11  Psionic Storm  
  139  9:14  Assimilator  
  139  9:19  Warp Prism (Chrono Boost), Assimilator  
  139  9:23  Probe x2  
  143  9:28  Photon Cannon x2  
  143  9:29  Photon Cannon  
  143  9:30  Gateway x2, Probe x2  
  145  9:33  Gateway  
  145  9:40  Observer  
  145  9:44  Photon Cannon  
  145  9:45  High Templar x4  
  154  9:47  Photon Cannon  
  154  9:52  Zealot x4  
  162  9:56  Photon Cannon  
  162  9:59  Observer  
  163  10:03  Observer  
  164  10:09  Probe x3  
  164  10:12  Zealot  
  169  10:16  Pylon  
  169  10:17  Pylon  
  169  10:19  Pylon  
  169  10:20  Observer  
  170  10:21  Pylon  
  170  10:24  Observer  
  169  10:33  Stalker x3  
  169  10:35  Stalker x5  
  181  10:37  Probe  
  176  10:45  Zealot x3  
  172  11:02  Zealot x3  
  172  11:03  Zealot x5  
  162  11:04  Probe  
  149  11:16  Immortal (Chrono Boost)  
  149  11:17  Immortal (Chrono Boost)  
  144  11:21  Zealot x3  
  144  11:25  High Templar x8  
  144  11:47  Nexus  
  144  11:49  Pylon  
  144  11:54  Robotics Bay  
  144  11:56  Immortal x2  
  152  12:07  Stalker x10  
  172  12:14  Photon Cannon  
  172  12:24  Observer  
  162  12:30  Blink  
  162  12:33  Zealot x9  
  151  12:51  Disruptor x2  
  151  12:56  Archon  
  151  13:02  Stalker x8  
  160  13:21  Assimilator  
  160  13:23  Assimilator  
  160  13:24  Disruptor x2 (Chrono Boost), Sentry  
  162  13:27  High Templar x2  
  162  13:28  High Templar  
  162  13:32  Zealot x4  
  182  13:41  Protoss Ground Weapons Level 3 (Chrono Boost)  
  178  13:53  Disruptor  
  178  13:55  Disruptor  
  181  14:08  Zealot x7  
  181  14:09  Zealot x4  
  177  14:28  Disruptor  
  177  14:29  Zealot x7  
  188  14:31  Disruptor  
  173  14:57  Archon  
  157  15:04  Disruptor (Chrono Boost)  
  150  15:07  High Templar x8, Immortal (Chrono Boost)  
  150  15:08  Observer  
  150  15:12  Archon x2  
  150  15:13  Archon x2  
  166  15:17  Stalker  
  166  15:18  Stalker x2  
  160  15:28  Oracle (Chrono Boost)  
  160  15:35  Shield Battery, Photon Cannon  
  163  15:37  Immortal (Chrono Boost)  
  163  15:39  Photon Cannon  
  163  15:40  Disruptor (Chrono Boost)  
  163  15:42  Zealot x5  
  174  15:43  Zealot x4  
  174  15:46  Stalker x2  
  174  15:48  Gravitic Boosters (Chrono Boost)  
  192  16:10  Observer  
  191  16:12  Observer  
  191  16:13  Zealot x5, Nexus  
  158  16:31  Observer  
  144  16:33  Disruptor, Stalker x3  
  144  16:34  Stalker x3  
  155  16:48  Zealot x4  
  155  16:49  Zealot  
  155  16:52  Disruptor  
  156  17:03  High Templar x4  
  156  17:04  High Templar x2  
  167  17:09  Archon x2  
  167  17:10  Archon  
  167  17:15  Zealot x5  
  175  17:17  Immortal  
  181  17:23  Pylon  
  181  17:28  Immortal  
  185  17:37  Zealot x5  
  189  17:47  Nexus  
  177  17:54  Zealot x6  
  177  17:56  Observer  
  178  18:07  Observer  
  177  18:15  High Templar x4  
  177  18:16  High Templar x5  
  177  18:17  Disruptor  
  177  18:19  Archon  
  192  18:20  Archon x3  
  192  18:21  Zealot  
  192  18:22  Zealot  
  190  18:28  Disruptor  
  179  18:53  Observer  
  179  18:55  Stalker x9  
  181  18:56  Stalker x2  
  199  19:08  Protoss Shields Level 1 (Chrono Boost)  
  188  19:38  Zealot x6  
  194  19:44  Disruptor x2  
  200  20:06  Unknown  
  200  20:07  Unknown  
  197  20:12  Zealot  
  182  20:53  Zealot x10  

Tags
 
Add a new tag
Caveats
  • Supply blocks, unpowered buildings, or Contaminate may cause inaccurate times.
  • Supply counts are checked every 10 seconds.